 Dungeon Crawl Stone Soup version 0.18.1-50-g88ac8fd (webtiles) character file.

38052 magog001 the Protected (level 13, -15/122 HPs)
             Began as a Minotaur Fighter on Apr 30, 2017.
             Killed from afar by a deep elf mage (30 damage)
             ... with a bolt of cold
             ... on level 1 of the Elven Halls.
             The game lasted 01:44:32 (19617 turns).

magog001 the Protected (Minotaur Fighter)          Turns: 19617, Time: 01:44:38

Health: -15/122    AC: 27    Str: 32    XL:     13   Next: 61%
Magic:  0/13       EV: 12    Int:  7    God:
Gold:   162        SH:  0    Dex:  9    Spells: 0 memorised, 12 levels left

rFire  + . .     SeeInvis .     K - +9 executioner's axe of the Fox {distort, Int+2}
rCold  . . .     Gourm    .     o - +2 plate armour {rF+}
rNeg   . . .     Faith    .     (shield currently unavailable)
rPois  .         Spirit   +     M - +0 hat
rElec  .         Dismiss  .     E - +1 cloak
rCorr  .         Reflect  .     m - +0 pair of gloves
SustAt .         Harm     .     e - +0 pair of boots
MR     .....                    B - amulet of guardian spirit
Stlth  ..........               (no ring)
                                s - +3 ring of protection

@: mighty, studying Armour, drained, not resistant to hostile enchantments,
extremely unstealthy
A: retaliatory headbutt, horns 2
a: no special abilities


You were on level 1 of the Elven Halls.
You were not hungry.

You visited 3 branches of the dungeon, and saw 13 of its levels.
You also visited: Bailey.

You collected 1209 gold pieces.
You spent 1047 gold pieces at shops.

Inventory:

Hand Weapons
 t - a +2 dagger of venom
 K - the +9 executioner's axe of the Fox (weapon) {distort, Int+2}
   (You found it in a bailey)

   It warps and distorts space around it.
   Unwielding it can cause banishment or high damage.
   It affects your intelligence (+2).
Missiles
 w - 36 tomahawks
 H - a javelin
 J - 2 poisoned tomahawks (quivered)
Armour
 e - a +0 pair of boots (worn)
 m - a +0 pair of gloves (worn)
 o - a +2 plate armour of fire resistance (worn)
 E - a +1 cloak (worn)
 M - a +0 hat (worn)
Jewellery
 s - a +3 ring of protection (left hand)
 B - an amulet of guardian spirit (around neck)
Wands
 d - a wand of digging (13/24)
 y - a wand of random effects (17/48)
 z - a wand of polymorph (13/24)
 A - a wand of slowing (20/48)
 C - a wand of flame (23/48)
 F - a wand of lightning (5/15)
 N - a wand of acid (15/15)
Scrolls
 b - 2 scrolls of remove curse
 p - 6 scrolls of fear
 u - 4 scrolls of teleportation
 v - a scroll of fog
 D - 2 scrolls of identify
 L - 4 scrolls of recharging
 O - 2 scrolls of immolation
 P - a scroll of amnesia
 R - a scroll of blinking
Potions
 g - 7 potions of flight
 i - a potion of haste
 j - 3 potions of brilliance
 n - a potion of heal wounds
 x - a potion of mutation {unknown}
 G - a potion of degeneration {unknown}
 Q - a potion of ambrosia
Books
 I - a manual of Armour
Miscellaneous
 a - an ornate deck of summoning {drawn: 2}
 q - an ornate deck of changes {drawn: 1}
Comestibles
 f - 2 bread rations
 h - 6 royal jellies
 k - 3 meat rations
 l - 4 fruits
 r - 2 chunks of flesh


   Skills:
 + Level 13.3(13.0) Fighting
 + Level 14.3(14.2) Axes
   Level 3.2(9.9) Maces & Flails
   Level 4.8(4.6) Crossbows
 + Level 5.5(5.2) Throwing
 + Level 14.8(14.5) Armour
 + Level 10.3(10.1) Dodging
 + Level 2.8(2.6) Stealth
   Level 8.5(8.2) Shields
 + Level 1.3(1.1) Evocations


You had 12 spell levels left.
You didn't know any spells.

Dungeon Overview and Level Annotations

Branches:
Dungeon (10/15)            Temple (0/1) D:5            Lair (0/8) D:9
    Orc (2/2) D:10            Elf (1/3) Orc:2

Altars:
Dithmenos
Elyvilon
Gozag
Makhleb
Qazlal
Ru
Trog
Yredelemnul
Zin
The Shining One
Beogh

Shops:
D:9 =   Orc:2 ?([}


Innate Abilities, Weirdness & Mutations

You reflexively headbutt those who attack you in melee.
You have a pair of horns on your head.


Message History

Your orange demon dies!
Things that are here:
an enchanted dagger; a robe Evoke which item? (* to show all) (? for menu, Esc to quit)
You draw a card...
It is Water.
Splash!
You fall into the shallow water.
Moving in this stuff is going to be slow.
Your hell hound bites the ice beast.
The ice beast hits your hell hound but does no damage.
The ice beast closely misses your hell hound.
Your hell hound completely misses the ice beast.
You swap places.
The deep elf mage casts a spell at you. The bolt of cold hits your hell hound.
Your hell hound is frozen!
Your hell hound dies!
Your hell hound's corpse disappears in a puff of smoke!
The bolt of cold hits you!
You die... #.##.# ##'#'# ##...## ##.....## ##+# ####.......#######... ...'.e.....')(..'.... ##### ###..Y....######.... p..ep

##§Y...## #....
.?..⌠Y ##@#...##
##...
......#####E######
######
.X.X..+.##)##
#..... #.#X##
#.#### #.X## #.#
#.## #.# ###
#.#### #.....
#.###.


You could see 2 large abominations, a deep elf mage, 2 ice beasts and a friendly
water elemental.

Vanquished Creatures
  An orc warlord (Orc:1)
  Maud (D:10)
  A deep elf annihilator (Elf:1)
  Josephine (Orc:1)
  The ghost of Soeti the Cleaver, a journeyman FoFi of Makhleb (D:10)
  A dancing weapon (Elf:1)
  An orc high priest (Orc:1)
  5 deep elf knights
  2 hill giants (D:10)
  Pikel (D:7)
  12 deep elf magi
  2 necromancers (Elf:1)
  3 orc sorcerers
  An orc knight (Bailey)
  A cyclops (D:10)
  4 trolls
  Grinder (D:3)
  4 two-headed ogres
  A fire elemental (Elf:1)
  A vampire (D:10)
  A sky beast (D:7)
  5 yaks (D:10)
  3 wraiths (Orc:1)
  A hippogriff (D:10)
  A hungry ghost (D:9)
  A soldier ant (D:8)
  A warg (Orc:2)
  Duvessa (D:4)
  A water moccasin (D:4)
  3 ice beasts
  47 orc warriors
  2 wasps (D:8)
  2 slaves (D:7)
  5 phantoms
  2 black bears
  6 ogres
  6 centaurs
  14 big kobolds (D:8)
  9 giant frogs
  Dowan (D:4)
  A wyvern zombie (D:9)
  A wyvern skeleton (D:6)
  7 scorpions
  4 howler monkeys
  2 quasits
  2 centaur zombies
  2 crimson imps
  A jelly (D:10)
  2 hounds
  22 orc priests
  2 giant frog skeletons
  2 iguanas
  24 orc wizards
  Crazy Yiuf (D:3)
  Jessica (D:3)
  Natasha (thrice) (D:2)
  10 worker ants
  A killer bee zombie (D:7)
  A hound zombie (D:7)
  A hound skeleton (D:7)
  Robin (D:2)
  A worker ant zombie (D:6)
  6 gnolls
  8 adders
  A howler monkey skeleton (D:7)
  3 shadow imps
  An ooze (D:4)
  2 adder zombies
  An adder skeleton (D:4)
  7 worms
  4 dart slugs (D:1)
  4 giant geckos
  123 orcs
  5 giant cockroaches
  14 goblins
  13 hobgoblins
  13 jackals
  3 quokkas
  9 bats
  A giant gecko skeleton (D:7)
  A giant gecko zombie (D:8)
  6 giant newts
  18 kobolds
  A quokka skeleton (D:9)
  5 rats
498 creatures vanquished.

Vanquished Creatures (others)
  A deep elf archer (Elf:1)
  An orc sorcerer (Orc:1)
  A centaur skeleton (D:10)
  2 yaks (D:10)
  5 orc warriors
  2 slaves (D:7)
  An iguana (D:10)
  An orc (Orc:2)
14 creatures vanquished.

Grand Total: 512 creatures vanquished

Notes
Turn   | Place    | Note
--------------------------------------------------------------
     0 | D:1      | magog001 the Minotaur Fighter began the quest for the Orb.
     0 | D:1      | Reached XP level 1. HP: 19/19 MP: 0/0
   122 | D:1      | Reached XP level 2. HP: 27/27 MP: 1/1
   563 | D:1      | Reached XP level 3. HP: 33/33 MP: 2/2
   845 | D:2      | Noticed Natasha
   869 | D:2      | Killed Natasha
   869 | D:2      | Reached XP level 4. HP: 33/41 MP: 3/3
   910 | D:2      | Reached skill level 1 in Dodging
  1427 | D:2      | Noticed Robin
  1428 | D:2      | Noticed Natasha
  1449 | D:2      | Killed Natasha
  1455 | D:2      | Reached XP level 5. HP: 9/47 MP: 4/4
  1476 | D:2      | Killed Robin
  1755 | D:2      | Noticed Natasha
  1764 | D:2      | Killed Natasha
  1987 | D:3      | Noticed Jessica
  2000 | D:3      | Killed Jessica
  2114 | D:3      | Reached skill level 5 in Armour
  2196 | D:3      | Noticed Grinder
  2208 | D:3      | Paralysed by Grinder for 4 turns
  2220 | D:3      | Killed Grinder
  2220 | D:3      | Reached skill level 5 in Shields
  2220 | D:3      | Reached XP level 6. HP: 19/55 MP: 5/5
  2746 | D:3      | Reached skill level 5 in Fighting
  2746 | D:3      | Reached XP level 7. HP: 34/61 MP: 6/6
  3073 | D:3      | Found an opulent altar of Gozag.
  3144 | D:3      | Found a burning altar of Makhleb.
  3257 | D:3      | Found a basalt altar of Yredelemnul.
  3260 | D:3      | Found a stormy altar of Qazlal.
  3361 | D:3      | Found a sacrificial altar of Ru.
  3397 | D:3      | Noticed Crazy Yiuf
  3401 | D:3      | Killed Crazy Yiuf
  3976 | D:4      | Reached skill level 1 in Maces & Flails
  3976 | D:4      | Reached XP level 8. HP: 50/70 MP: 5/7
  4245 | D:4      | Reached skill level 5 in Axes
  4690 | D:4      | Noticed Duvessa
  4691 | D:4      | Noticed Dowan
  4703 | D:4      | Killed Duvessa
  4715 | D:4      | Killed Dowan
  4715 | D:4      | Reached skill level 5 in Dodging
  4836 | D:5      | Entered Level 5 of the Dungeon
  5109 | D:5      | Found a staircase to the Ecumenical Temple.
  5158 | D:5      | You fall through a shaft for 3 floors!
  5463 | D:8      | Reached skill level 1 in Stealth
  5494 | D:8      | Found a flagged portal.
  5554 | Bailey   | Entered a bailey
  6601 | Bailey   | Reached skill level 1 in Throwing
  7061 | Bailey   | Reached XP level 9. HP: 77/78 MP: 6/8
  7682 | Bailey   | Noticed an orc knight
  7834 | Bailey   | Killed an orc knight
  8116 | Bailey   | Got a dazzling executioner's axe
  8117 | Bailey   | Identified the +9 executioner's axe of the Fox {distort, Int+2} (You found it in a bailey)
  9110 | D:6      | Reached skill level 10 in Armour
  9110 | D:6      | Reached XP level 10. HP: 91/91 MP: 9/9
  9209 | D:6      | Found a glowing golden altar of the Shining One.
  9736 | D:7      | Noticed Pikel
  9750 | D:7      | Killed Pikel
  9750 | D:7      | Reached XP level 11. HP: 96/97 MP: 10/10
  9821 | D:7      | Found a shadowy altar of Dithmenos.
 11067 | D:8      | Reached skill level 10 in Fighting
 11406 | D:9      | Found Nohyeps's Jewellery Boutique.
 11775 | D:9      | Found a staircase to the Lair.
 12151 | D:9      | Found a white marble altar of Elyvilon.
 12278 | D:9      | Found a bloodstained altar of Trog.
 12282 | D:9      | Found a glowing silver altar of Zin.
 12312 | D:10     | Entered Level 10 of the Dungeon
 12334 | D:10     | Found a staircase to the Orcish Mines.
 12665 | D:10     | Noticed Soeti's ghost (journeyman FoFi)
 12674 | D:10     | Killed Soeti's ghost
 12674 | D:10     | Reached skill level 10 in Axes
 12726 | D:10     | Reached skill level 1 in Evocations
 12739 | D:10     | Reached skill level 5 in Throwing
 12803 | D:10     | Noticed a hill giant
 12822 | D:10     | Killed a hill giant
 13171 | D:9      | Bought a +3 ring of protection for 294 gold pieces
 13323 | D:10     | Noticed Maud
 13334 | D:10     | Killed Maud
 13334 | D:10     | Reached XP level 12. HP: 18/110 MP: 2/11
 14208 | Orc:1    | Entered Level 1 of the Orcish Mines
 14275 | Orc:1    | Noticed Josephine
 15189 | Orc:2    | Entered Level 2 of the Orcish Mines
 15496 | Orc:2    | Noticed an orc high priest
 15628 | Orc:1    | Killed an orc high priest
 15628 | Orc:1    | Reached skill level 10 in Dodging
 15760 | Orc:2    | Paralysed by an orc sorcerer for 2 turns
 15764 | Orc:2    | Paralysed by an orc sorcerer for 7 turns
 16066 | Orc:2    | Noticed an orc warlord
 16117 | Orc:1    | Killed an orc warlord
 16565 | Orc:2    | Found a staircase to the Elven Halls.
 16642 | Orc:2    | Found a roughly hewn altar of Beogh.
 16648 | Orc:2    | Found Kamaf's Magic Scroll Shoppe.
 16654 | Orc:2    | Bought a scroll of identify for 36 gold pieces
 16654 | Orc:2    | Bought a scroll of recharging for 171 gold pieces
 16654 | Orc:2    | Bought a scroll of enchant weapon for 135 gold pieces
 16654 | Orc:2    | Bought a scroll of recharging for 171 gold pieces
 16796 | Orc:2    | Found a roughly hewn altar of Beogh.
 16838 | Orc:2    | Found a roughly hewn altar of Beogh.
 16838 | Orc:2    | Found Okigeo's Antique Armour Shop.
 16841 | Orc:2    | Found Nane's Antique Weapon Boutique.
 16988 | Orc:2    | Found a roughly hewn altar of Beogh.
 16992 | Orc:2    | Found Jial's Gadget Boutique.
 17087 | Orc:2    | Found a roughly hewn altar of Beogh.
 17139 | Orc:2    | Found a roughly hewn altar of Beogh.
 17316 | Orc:1    | Killed Josephine
 17316 | Orc:1    | Reached XP level 13. HP: 83/119 MP: 7/12
 17656 | Orc:2    | Bought an ornate deck of summoning for 240 gold pieces
 17700 | Elf:1    | Entered Level 1 of the Elven Halls
 18100 | Elf:1    | Noticed a deep elf annihilator
 18109 | Elf:1    | Killed a deep elf annihilator
 19597 | Elf:1    | Noticed a deep elf death mage
 19602 | Elf:1    | Banished a deep elf death mage
 19617 | Elf:1    | Killed from afar by a deep elf mage

Skill      XL: |  1  2  3  4  5  6  7  8  9 10 11 12 13 |
---------------+----------------------------------------+-----
Fighting       | 4 5 6 9 11 12 13 | 13.3
Armour         | 4 5 6 7 10 11 13 14 | 14.8
Shields        | 4 5 7 8 |  8.5
Dodging        | 1 3 4 5 7 9 10 | 10.3
Axes           | 3 4 5 7 8 11 13 14 | 14.3
Maces & Flails | 1 2 3 |  3.2
Stealth        | 1 2 |  2.8
Throwing       | 1 4 5 |  5.5
Crossbows      | 4 |  4.8
Evocations     | 1 |  1.3

Action                   |  1- 3 |  4- 6 |  7- 9 | 10-12 | 13-15 || total
-------------------------+-------+-------+-------+-------+-------++-------
Melee: War axe           |    79 |   151 |    48 |       |       ||   278
       Headbutt          |    11 |    18 |    63 |    89 |    13 ||   194
       Mace              |       |       |   300 |       |       ||   300
       Executioner's axe |       |       |    28 |   539 |   126 ||   693
 Fire: Arbalest          |       |       |    41 |       |       ||    41
Throw: Stone             |       |     2 |    16 |       |       ||    18
       Javelin           |       |       |     3 |     2 |       ||     5
       Tomahawk          |       |       |       |    23 |       ||    23
Evoke: Wand              |       |       |     4 |     3 |     1 ||     8
       Deck              |       |       |       |     1 |     2 ||     3
  Use: Potion            |     5 |     1 |     4 |     5 |     1 ||    16
       Scroll            |       |     4 |    17 |    11 |       ||    32
  Eat: Chunk             |       |     3 |     9 |    11 |     2 ||    25
       Pizza             |       |     1 |       |       |       ||     1
       Bread ration      |       |     1 |     1 |     3 |       ||     5
       Royal jelly       |       |       |     1 |     2 |     1 ||     4
       Beef jerky        |       |       |     1 |       |       ||     1
       Meat ration       |       |       |     1 |       |     1 ||     2
       Fruit             |       |       |       |     2 |       ||     2
Armor: Scale mail        |    37 |    65 |   154 |       |       ||   256
       Skin              |       |       |    20 |       |       ||    20
       Ring mail         |       |       |       |   259 |       ||   259
       Chain mail        |       |       |       |    69 |     1 ||    70
       Plate armour      |       |       |       |       |    86 ||    86
Dodge: Dodged            |    17 |    62 |   152 |   455 |    47 ||   733
Block: Shield            |    41 |    91 |   203 |       |       ||   335
